 Dungeon Crawl Stone Soup version 0.31-a0-1388-g4b2ba238e7 (webtiles) character file.

Game seed: 8492056928599242660

98 olourkin the Shooter (level 5, -2/29 HPs)
             Began as a Kobold Hexslinger on Dec 25, 2023.
             Incinerated by a bombardier beetle (3 damage)
             ... with a burning spray
             ... on level 3 of the Dungeon.
             The game lasted 00:07:18 (2848 turns).

olourkin the Shooter (Kobold Hexslinger)            Turns: 2848, Time: 00:07:20

Health: -2/29      AC:  4    Str:  6    XL:     5   Next: 1%
Magic:  6/6        EV: 15    Int: 14    God:
Gold:   189        SH:  0    Dex: 19    Spells: 6/6 levels left

rFire   . . .        a - +1 sling
rCold   . . .        (no shield)
rNeg    . . .        c - +0 robe
rPois   .            (no helmet)
rElec   .            (no cloak)
rCorr   .            h - +1 pair of gloves
SInv    .            (no boots)
Will    .....        (no amulet)
Stlth   +            (no ring)
HPRegen 0.24/turn    (no ring)
MPRegen 0.10/turn

%: no passive effects
@: on fire, glowing
A: small, no large weapons, nightstalker 3
a: no special abilities


You were on level 3 of the Dungeon.
You visited 1 branch of the dungeon, and saw 3 of its levels.

You collected 189 gold pieces.

Inventory:

Hand Weapons
 a - a +1 sling (weapon)
Missiles
 d - 11 stones
 g - 4 poisoned darts
 r - 2 javelins
Armour
 c - a +0 robe (worn)
 h - a +1 pair of gloves (worn)
Scrolls
 b - a scroll of poison {!r}
 e - 2 scrolls of enchant weapon {unknown}
 f - a scroll of teleportation {unknown}
 i - 2 scrolls of identify {unknown}
 j - 2 scrolls of vulnerability {unknown}
 m - a scroll of fog {unknown}
 n - a scroll of fear {unknown}
 o - a scroll of immolation {unknown}
 s - a scroll of brand weapon {unknown}
Potions
 k - a potion of haste {unknown}
 l - a potion of cancellation {unknown}
 p - a potion of attraction {unknown}
 q - a potion of curing
 t - a potion of enlightenment {unknown}
 u - a potion of heal wounds {unknown}


   Skills:
 - Level 1.1 Fighting
 + Level 6.3 Ranged Weapons
 - Level 2.4 Dodging
 - Level 1.1 Spellcasting
 - Level 3.0 Hexes
 - Level 1.0 Fire Magic


You had 6 spell levels left.
You didn't know any spells.
Your spell library contained the following spells:

 Spells                   Type           Power      Damage    Failure   Level
 Jinxbite                 Hex            18%        N/A       12%         2
 Sigil of Binding         Hex            9%         N/A       22%         3
 Inner Flame              Hex/Fire       6%         N/A       34%         3
 Cause Fear               Hex            4%         N/A       58%         4
 Dimensional Bullseye     Hex/Tloc       2%         N/A       80%         4


Dungeon Overview and Level Annotations

Branches:
Dungeon (3/15)

Altars:


Innate Abilities, Weirdness & Mutations

You are small and have problems with some larger weapons.
You are completely attuned to the shadows.


Message History

The sling bullet barely misses the kobold.
The liquid fire burns you!
* * * LOW HITPOINT WARNING * * *
It was a potion of curing.
You feel better. The liquid fire burns you!
* * * LOW HITPOINT WARNING * * *
The kobold hits you with a +0 dagger.
* * * LOW HITPOINT WARNING * * *
A kobold comes into view. It is wielding a +0 whip.
Fire: a) +1 sling
Press: ? - help, Q - select action, (/) - cycle Shift-Dir - straight line, f/p - kobold
Aim: a kobold, wielding a +0 dagger (56% to hit)
You shoot a sling bullet.
The sling bullet barely misses the kobold.
The kobold shouts!
The sling bullet hits the kobold but does no damage.
The liquid fire burns you!
* * * LOW HITPOINT WARNING * * *
The kobold hits you but does no damage.
Fire: a) +1 sling
Press: ? - help, Q - select action, (/) - cycle Shift-Dir - straight line, f/p - kobold
Aim: a kobold, wielding a +0 dagger (56% to hit)
You shoot a sling bullet. The sling bullet hits the kobold!
You kill the kobold!
The liquid fire burns you!
* * * LOW HITPOINT WARNING * * *
Fire: a) +1 sling
Press: ? - help, Q - select action, (/) - cycle Shift-Dir - straight line, f - kobold
Aim: a kobold, wielding a +0 whip and quivering stones (56% to hit)
You shoot a sling bullet.
The sling bullet closely misses the kobold.
The liquid fire burns you!
* * * LOW HITPOINT WARNING * * *
Fire: a) +1 sling
Press: ? - help, Q - select action, (/) - cycle Shift-Dir - straight line, f/p - kobold
Aim: a kobold, wielding a +0 whip and quivering stones (56% to hit)
You shoot a sling bullet. The sling bullet hits the kobold!
You kill the kobold!
The liquid fire burns you!
You die...

######### .(†)@...#
.######.# #.# #.#
#.#######
####.##..... #.
............ #.
###########..##.
#.##...##.####..###


There were no monsters in sight!

Vanquished Creatures
  A bombardier beetle (D:3)
  An adder (D:2)
  A worm (D:2)
  2 dart slugs (D:2)
  3 ball pythons
  5 bats
  2 endoplasms (D:2)
  4 giant cockroaches
  3 hobgoblins
  4 jackals (D:1)
  7 kobolds
  4 quokkas
  3 frilled lizards
  2 goblins
  4 rats (D:1)
  A spectral hobgoblin (D:1)
47 creatures vanquished.

Notes
Turn   | Place    | Note
-------+----------+-------------------------------------------
     0 | D:1      | olourkin the Kobold Hexslinger began the quest for the Orb.
     0 | D:1      | Reached XP level 1. HP: 12/12 MP: 2/2
    48 | D:1      | Reached skill level 3 in Ranged Weapons
   343 | D:1      | Reached XP level 2. HP: 12/16 MP: 3/3
   353 | D:1      | Reached skill level 4 in Ranged Weapons
   621 | D:1      | Reached XP level 3. HP: 20/20 MP: 4/4
   665 | D:1      | Found a faded altar of an unknown god.
  1944 | D:2      | Reached skill level 5 in Ranged Weapons
  2025 | D:2      | Reached XP level 4. HP: 25/25 MP: 5/5
  2843 | D:3      | Reached skill level 6 in Ranged Weapons
  2843 | D:3      | Reached XP level 5. HP: 9/29 MP: 6/6
  2847 | D:3      | HP: 1/29 [burnt (4)]
  2848 | D:3      | Incinerated by a bombardier beetle

Illustrated notes

Levels and vault maps discovered:
D:1:      erik_arrival_triangle_huge, layout_basic,
          dreamdust_ecumenical_altar_drowned_temple, minmay_gold_behind_fungi
D:2:      layout_loops_corners, kennysheep_generic_room_7
D:3:      layout_loops_ring, fedhas_altar_2, serial_undead, serial_undead_e,
          serial_undead_b, serial_undead_b, serial_undead_a

Skill      XL: |  1  2  3  4 |
---------------+-------------+-----
Ranged Weapons | 3 4 5 6 |  6.3
Fighting       | |  1.1
Dodging        | |  2.4
Spellcasting   | |  1.1
Hexes          | |  3.0
Fire Magic     | |  1.0

Action                     |  1- 3 |  4- 6 || total
---------------------------+-------+-------++-------
   Fire: Sling             |   109 |    34 ||   143
    Use: Potion            |       |     1 ||     1
 Armour: Robe              |    28 |     3 ||    31
  Dodge: Dodged            |    42 |     1 ||    43

Table legend: (Time is in decaauts)
 A = Elapsed time spent in this place.
 B = Non-inter-level travel time spent in this place.
 C = Inter-level travel time spent in this place.
 D = Time resting spent in this place.
 E = Time spent auto-exploring this place.
 F = Levels seen in this place.
 G = Mean time per level.
                   A        B        C        D        E       F      G
               +--------+--------+--------+--------+--------+-----+--------+
         Total |   2878 |   2840 |     38 |    396 |   1944 |   3 |  959.3 |
       Dungeon |   2878 |   2840 |     38 |    396 |   1944 |   3 |  959.3 |
               +--------+--------+--------+--------+--------+-----+--------+

Top non-repeatable levels by time:
     D:1: 1718 daAuts
     D:2: 1051 daAuts
     D:3: 108 daAuts
